AoeStats
← Bliitzz67

Arena

509545935Analyzed
3v3 RM · 6d ago on Sep 27, 2026· 31m 58s· 6 players
Game mode
Random Map
Map size
Normal (6 player)
Population
200
Speed
Normal
Resources
Standard
Victory
Conquest
Starting age
Dark Age
Ending age
Imperial Age
RankedLock teamsTeams togetherTeam positionsShared explorationLock speedFull tech treeHidden civsTurbo modeCheats
Victory
Defeat
🇺🇸 Wei · United States
1147
+9
🇵🇪 Bohemians · Peru
1041
+13
🇫🇷 Turks · France
1028
+13
🇨🇦 Danes · Canada
1042
-14
🇨🇦 Bohemians · Canada
968
-11
🇨🇦 Ethiopians · Canada
921
-10
Hayah
10:53 Feudal Age
9:09 Loom
11:19 Double-Bit Axe
11:15 Horse Collar
16:15 Castle Age
15:08 Wheelbarrow
16:08 Forging
17:22 Bow Saw
18:09 Heavy Plow
19:22 Fletching
19:37 Squires
19:51 Arson
20:40 Scale Mail Armor
21:14 Bodkin Arrow
28:06 Iron Casting
Chemo-Sabi
7:36 Loom
8:09 Loom
10:11 Feudal Age
10:47 Double-Bit Axe
10:49 Horse Collar
10:59 Town Watch
17:23 Castle Age
16:14 Fletching
16:40 Gold Mining
17:17 Padded Archer Armor
17:32 Crossbowman
17:33 Elite Skirmisher
19:34 Bodkin Arrow
23:33 Wheelbarrow
23:45 Bow Saw
24:57 Heavy Plow
25:40 Stone Mining
26:21 Thumb Ring
26:34 Elite Skirmisher
27:48 Hand Cart
30:31 Squires
29:51 Man-at-Arms
jalo117
10:37 Feudal Age
11:02 Double-Bit Axe
12:47 Loom
18:07 Castle Age
16:56 Horse Collar
22:49 Fortified Wall
24:59 Bow Saw
26:06 Fletching
26:40 Forging
28:40 Chemistry
28:42 Ballistics
28:10 Elite Skirmisher
marshall_o18
0:50 Loom
10:01 Feudal Age
16:08 Castle Age
14:46 Double-Bit Axe
21:27 Chemistry
30:50 Imperial Age
29:19 Pikeman
30:00 Squires
29:45 Arson
31:55 Town Watch
Bliitzz67
1:03 Loom
10:21 Feudal Age
16:46 Castle Age
15:51 Double-Bit Axe
16:20 Horse Collar
22:58 Fletching
24:48 Wheelbarrow
28:59 Imperial Age
27:04 Ballistics
29:09 Hand Cart
30:00 Gold Mining
31:35 Forging
31:31 Scale Barding Armor
shampoop
8:57 Feudal Age
9:25 Double-Bit Axe
10:45 Wheelbarrow
10:20 Gold Mining
10:20 Stone Mining
17:21 Castle Age
17:46 Horse Collar
18:18 Bow Saw
18:44 Gold Shaft Mining
18:34 Loom
20:18 Forging
21:46 Iron Casting
22:53 Scale Barding Armor
23:23 Bloodlines
24:34 Chain Barding Armor
25:27 Husbandry
26:00 Husbandry
33:55 Imperial Age
Connection lost

Rejoining the realm…

Still unreachable

The connection could not be restored.

Session expired

The server has moved on; the page needs a fresh start.